AoeStats
← Bobbmon

Arabia

506233371Analyzed
2v2 RM · 20d ago on Sep 12, 2026· 29m 36s· 4 players
Game mode
Random Map
Map size
Medium (4 player)
Population
200
Speed
Normal
Resources
Standard
Victory
Conquest
Starting age
Dark Age
Ending age
Imperial Age
RankedLock teamsTeams togetherTeam positionsShared explorationLock speedFull tech treeHidden civsTurbo modeCheats
Victory
Defeat
🇺🇸 Magyars · United States
1376
+16
🇺🇸 Mapuche · United States
1372
+16
🇸🇪 Khmer · Sweden
1438
-19
🇸🇪 Vietnamese · Sweden
1307
-13
Bobbmon
7:03 Loom
9:26 Feudal Age
10:09 Double-Bit Axe
12:04 Horse Collar
16:59 Fletching
18:55 Padded Archer Armor
22:03 Castle Age
22:14 Crossbowman
23:39 Thumb Ring
25:46 Bow Saw
27:56 Bodkin Arrow
28:32 Heavy Plow
28:46 Gold Mining
banana panin
9:06 Feudal Age
10:58 Double-Bit Axe
11:23 Horse Collar
16:14 Loom
18:42 Castle Age
18:49 Wheelbarrow
18:20 Gold Mining
18:50 Bloodlines
18:47 Scale Barding Armor
20:34 Bow Saw
22:08 Chain Barding Armor
24:08 Forging
24:22 Fletching
25:38 Bodkin Arrow
Akhamy
6:27 Loom
10:16 Feudal Age
10:46 Double-Bit Axe
13:20 Horse Collar
18:47 Castle Age
17:41 Fletching
19:30 Bodkin Arrow
19:37 Padded Archer Armor
22:45 Bow Saw
22:53 Heavy Plow
24:49 Wheelbarrow
25:34 Ballistics
26:34 Elite Skirmisher
Ludendwarf
6:27 Loom
9:23 Feudal Age
12:39 Double-Bit Axe
12:53 Horse Collar
21:40 Castle Age
20:15 Scale Barding Armor
21:27 Bloodlines
21:57 Wheelbarrow
22:57 Chain Barding Armor
27:53 Bow Saw
28:12 Heavy Plow
Connection lost

Rejoining the realm…

Still unreachable

The connection could not be restored.

Session expired

The server has moved on; the page needs a fresh start.